 Dungeon Crawl Stone Soup version 0.30-a0-23-ge60ba3568b (webtiles) character file.

Game seed: 5348585378897673553

395 SensoryNuts the Chopper (level 6, -3/47 HPs)
             Began as a Demonspawn Fighter on Aug 25, 2022.
             Succumbed to a killer bee's poison
             ... on level 3 of the Dungeon.
             The game lasted 00:03:38 (3128 turns).

SensoryNuts the Chopper (Demonspawn Fighter)        Turns: 3128, Time: 00:03:39

Health: -3/47      AC: 11    Str: 18    XL:     6   Next: 52%
Magic:  6/6        EV:  5    Int:  9    God:
Gold:   149        SH:  4    Dex: 13    Spells: 5/5 levels left

rFire   + . .      SeeInvis +    a - +0 war axe
rCold   + . .      Faith    .    c - +0 buckler
rNeg    . . .      Spirit   .    j - +0 plate armour
rPois   .          Reflect  .    (no helmet)
rElec   .          Harm     .    l - scarf {rC+ rF+}
rCorr   .          Rampage  .    (no gloves)
Will    .....                    (no boots)
Stlth   ..........               (no amulet)
HPRegen 0.15/turn                k - ring of see invisible
MPRegen 0.20/turn                (no ring)

@: lethally poisoned (-3 -> -19)
A: claws 1, powered by pain 2, magic regeneration
a: no special abilities


You were on level 3 of the Dungeon.
You visited 1 branch of the dungeon, and saw 4 of its levels.

You collected 149 gold pieces.

Inventory:

Hand Weapons
 a - a +0 war axe (weapon)
Armour
 c - a +0 buckler (worn)
 j - a +0 plate armour (worn)
 l - a scarf of resistance (worn)
Jewellery
 k - a ring of see invisible (left claw)
Scrolls
 d - 2 scrolls of butterflies
 e - 3 scrolls of teleportation
 g - a scroll of amnesia
Potions
 b - a potion of degeneration


   Skills:
 + Level 3.6 Fighting
 * Level 5.4 Axes
 + Level 3.5 Armour
 + Level 0.1 Dodging
 + Level 3.1 Shields


You had 5 spell levels left.
You didn't know any spells.
Your spell library contained the following spells:

 Spells                   Type           Power      Damage    Failure   Level
 Slow                     Hex            0%         N/A       100%        1
 Confusing Touch          Hex            0%         N/A       100%        3
 Gell's Gravitas          Tloc           0%         N/A       100%        3
 Lesser Beckoning         Tloc           0%         N/A       100%        3
 Teleport Other           Tloc           0%         N/A       100%        3
 Vampiric Draining        Necr           0%         2d6       100%        3


Dungeon Overview and Level Annotations

Branches:
Dungeon (4/15)
 Temple: D:4-7

Altars:
Ashenzari
Dithmenos

Shops:
D:1 !   D:2 *


Innate Abilities, Weirdness & Mutations

You have sharp fingernails.
You sometimes gain power by taking damage.
You regenerate magic rapidly.


Message History

You block the giant cockroach's attack. The killer bee barely misses you.
The killer bee stings you.
The giant cockroach bites you but does no damage.
You barely miss the killer bee.
The killer bee is lightly wounded.
You slash the killer bee! You slash the giant cockroach!
You kill the giant cockroach!
* * * LOW HITPOINT WARNING * * *
You feel very sick. You block the killer bee's attack.
The killer bee barely misses you. x2
The killer bee stings you.
* * * LOW HITPOINT WARNING * * *
The killer bee stings you.
* * * LOW HITPOINT WARNING * * *
The killer bee barely misses you.
Unknown command.
You are too injured to fight recklessly!
You feel better.
The killer bee stings you but does no damage.
The killer bee closely misses you. The killer bee stings you!
* * * LOW HITPOINT WARNING * * *
You are poisoned.
The killer bee poisons you! You block the killer bee's attack.
Unknown command.
Okay, then.
You miss the killer bee.
The killer bee is almost dead.
You barely miss the killer bee.
* * * LOW HITPOINT WARNING * * *
You feel sick.
The killer bee stings you but does no damage. x2
The killer bee stings you.
* * * LOW HITPOINT WARNING * * *
You are more poisoned.
The killer bee poisons you!
The killer bee stings you but does no damage.
You miss the killer bee.
The killer bee is almost dead.
You slash the killer bee!
You die...

.##.................##.##.# #.#.
########..############.##.####.#.
#..# #...#.....#. #..#
####.######. #..#### ####.# #.
####.....##### ##....# #.
#####........)...####)###.## #.
#...............y†.#.## ##.# #.
#.###.####.#.###@#.#.# #.#####.
#.# #.# #.#.# #y#...## ##.......
#.# #.# #.#.# #.####.###..######
#.# #.# #.#.###.####....#.# # ..#
#.# #.#..........#.##.# # ### #.#
#.#####.######.##.###### #.# #.#
#.....# #.......... #.#
#.###.#.#.#######.###### #b#
#...<.............#


You could see 2 killer bees.

Vanquished Creatures
  Sigmund (D:2)
  A phantom (D:2)
  A killer bee (D:3)
  6 adders
  An ufetubus (D:3)
  2 worms
  4 endoplasms
  4 giant cockroaches
  3 goblins (D:2)
  8 hobgoblins
  3 jackals (D:1)
  8 kobolds
  2 quokkas
  6 ball pythons
  2 bats
  3 frilled lizards
  2 rats
57 creatures vanquished.

Notes
Turn   | Place    | Note
-------+----------+-------------------------------------------
     0 | D:1      | SensoryNuts the Demonspawn Fighter began the quest for the
                  | Orb.
     0 | D:1      | Reached XP level 1. HP: 18/18 MP: 1/1
   163 | D:1      | Found Wyipser's Distillery.
   164 | D:1      | Found a faded altar of an unknown god.
   169 | D:1      | Reached skill level 2 in Axes
   169 | D:1      | Gained mutation: You sometimes gain a little power by
                  | taking damage. [demonic ancestry]
   169 | D:1      | Reached XP level 2. HP: 24/24 MP: 2/2
   645 | D:2      | Gained mutation: You sometimes gain power by taking damage.
                  | [demonic ancestry]
   645 | D:2      | Reached XP level 3. HP: 29/29 MP: 3/3
   647 | D:2      | Found Fuzoujuu's Assorted Antiques.
   757 | D:2      | Noticed Sigmund
   804 | D:3      | Reached skill level 3 in Axes
  1020 | D:2      | Killed Sigmund
  1021 | D:2      | Reached skill level 4 in Axes
  1021 | D:2      | Reached XP level 4. HP: 18/35 MP: 4/4
  1021 | D:2      | Gained mutation: You regenerate magic rapidly. [demonic
                  | ancestry]
  1021 | D:2      | Reached XP level 5. HP: 21/41 MP: 5/5
  1426 | D:2      | You fall into a shaft and drop 2 floors!
  2045 | D:3      | Found a shadowy altar of Dithmenos.
  2188 | D:3      | Found a broken altar of Ashenzari.
  2513 | D:3      | Discovered your monstrous ancestry.
  2513 | D:3      | Gained mutation: You have sharp fingernails. [demonic
                  | ancestry]
  2513 | D:3      | Reached XP level 6. HP: 37/47 MP: 6/6
  2785 | D:2      | Reached skill level 5 in Axes
  3127 | D:3      | HP: 1/47 [killer bee (6)]
  3128 | D:3      | Succumbed to a killer bee's poison

Illustrated notes

Levels and vault maps discovered:
D:1:      dpeg_arrival_shelter, layout_rooms,
          dreamdust_ecumenical_altar_statues, serial_shops, shop
D:2:      minmay_general_purpose_star, layout_loops_ring, serial_shops, shop,
          grunt_decor_clamped, uniq_sigmund
D:3:      layout_loops_ring, grunt_dithmenos_smoke_and_mirrors,
          mainiacjoe_overflow_alcove_2
D:4:      layout_rooms

Skill      XL: |  1  2  3  4  5  6 |
---------------+-------------------+-----
Axes           | 2 4 5 |  5.4
Armour         | 3 |  3.5
Shields        | 3 |  3.1
Fighting       | |  3.6
Dodging        | |  0.1

Action                   |  1- 3 |  4- 6 || total
-------------------------+-------+-------++-------
Melee: War axe           |    84 |   118 ||   202
  Use: Scroll            |     4 |     2 ||     6
       Potion            |     2 |     7 ||     9
Armor: Scale mail        |    11 |       ||    11
       Plate armour      |    69 |   128 ||   197
Dodge: Dodged            |    34 |    44 ||    78
Block: Buckler           |    19 |    31 ||    50

Table legend: (Time is in decaauts)
 A = Elapsed time spent in this place.
 B = Non-inter-level travel time spent in this place.
 C = Inter-level travel time spent in this place.
 D = Time resting spent in this place.
 E = Time spent auto-exploring this place.
 F = Levels seen in this place.
 G = Mean time per level.
                   A        B        C        D        E       F      G
               +--------+--------+--------+--------+--------+-----+--------+
         Total |   3195 |   3148 |     47 |    273 |   2324 |   4 |  798.8 |
       Dungeon |   3195 |   3148 |     47 |    273 |   2324 |   4 |  798.8 |
               +--------+--------+--------+--------+--------+-----+--------+

Top non-repeatable levels by time:
     D:2: 1400 daAuts
     D:3: 1099 daAuts
     D:1: 674 daAuts
     D:4: 21 daAuts
